Map: Slowdive

Players

SupplyBlocK - Winner!

  • Race: Terran Terran
  • League: Grandmaster

Toasted - Winner!

  • Race: Protoss Protoss
  • League: Diamond

mushroome - Winner!

  • Race: Zerg Zerg

EnhaZe - Winner!

  • Race: Zerg Zerg

futuRe

  • Race: Terran Terran

IIIIIIIIIIII

  • Race: Protoss Protoss

æææ

  • Race: Protoss Protoss
  • League: Diamond

IIIIIIIIIII

  • Race: Protoss Protoss
  • League: Platinum

VOD

Have the link to the VOD?

Description

Time

  • Played on: Oct. 21, 2026, 6:30 a.m.
  • Length: 19:24
Show
View Real Time Build Order
Export as new Build Order

SupplyBlocK Terran - Winner!

Build Orders: Reaper Expand 

Get SALT Encoding   

  12  0:02  SCV  
  13  0:14  SCV  
  14  0:22  Supply Depot  
  14  0:26  SCV  
  15  0:44  SCV  
  15  0:46  Barracks  
  15  0:49  Refinery  
  16  0:56  SCV  
  17  1:08  SCV  
  18  1:20  SCV  
  19  1:32  Reaper  
  19  1:34  Orbital Command  
  20  1:46  Command Center  
  20  1:53  Supply Depot  
  20  2:01  SCV  
  20  2:06  Marine  
  22  2:13  SCV  
  23  2:22  Factory  
  23  2:25  Barracks Tech Lab, SCV  
  23  2:27  Refinery  
  24  2:38  SCV  
  25  2:47  Ghost Academy  
  25  2:50  SCV  
  27  3:06  Orbital Command  
  26  3:13  Barracks Tech Lab  
  26  3:14  SCV  
  27  3:26  SCV  
  27  3:32  SCV  
  27  3:34  Siege Tank  
  31  3:36  Ghost  
  31  3:38  SCV  
  34  3:44  SCV  
  35  3:50  SCV  
  35  3:52  Command Center  
  35  3:55  Refinery  
  36  3:56  SCV  
  36  4:01  Refinery  
  38  4:02  SCV  
  38  4:05  Ghost  
  38  4:08  SCV  
  41  4:14  SCV  
  42  4:18  Supply Depot x2  
  42  4:19  Supply Depot  
  42  4:20  SCV  
  43  4:27  SCV  
  43  4:30  Barracks  
  44  4:32  SCV  
  44  4:36  Personal Cloaking  
  45  4:39  SCV  
  46  4:48  Ghost  
  46  4:50  SCV  
  46  4:51  SCV  
  50  5:02  SCV  
  51  5:11  Barracks  
  51  5:12  Orbital Command  
  51  5:17  Ghost  
  51  5:18  Barracks Tech Lab  
  51  5:20  SCV x2  
  55  5:31  Engineering Bay  
  55  5:32  Engineering Bay, SCV x2  
  55  5:35  Orbital Command  
  57  5:37  Ghost  
  59  5:44  SCV  
  59  5:46  Ghost  
  62  5:51  SCV  
  62  5:56  SCV  
  64  5:57  Terran Infantry Weapons Level 1, Terran Infantry Armor Level 1  
  64  6:00  Barracks Tech Lab, SCV  
  64  6:03  SCV  
  66  6:05  Ghost  
  68  6:11  SCV  
  68  6:14  SCV, Ghost  
  68  6:15  Refinery x2  
  68  6:16  SCV  
  73  6:22  Ghost  
  73  6:23  SCV  
  76  6:26  SCV  
  76  6:28  Supply Depot x2  
  76  6:30  SCV  
  78  6:34  Ghost  
  78  6:37  Siege Tank  
  83  6:42  Supply Depot  
  83  6:44  SCV  
  83  6:45  SCV  
  85  6:49  SCV  
  85  6:53  Ghost  
  88  6:56  SCV  
  88  6:57  SCV  
  90  7:04  Ghost  
  92  7:09  SCV x3, Siege Tank  
  92  7:10  Armory  
  92  7:15  Command Center  
  98  7:20  Starport  
  98  7:21  Ghost, SCV  
  100  7:23  SCV  
  100  7:24  SCV  
  100  7:29  Ghost  
  104  7:48  SCV x2  
  104  7:50  Ghost x2  
  110  7:55  Supply Depot  
  110  7:56  Supply Depot  
  110  7:59  SCV  
  110  8:00  SCV  
  110  8:02  Terran Infantry Weapons Level 2, Terran Infantry Armor Level 2  
  112  8:10  Terran Vehicle Weapons Level 1, Starport Reactor  
  112  8:13  SCV  
  112  8:18  SCV  
  114  8:33  Ghost x3  
  120  8:37  SCV  
  121  8:45  Refinery  
  121  8:46  Medivac x2  
  125  8:50  Refinery  
  125  8:51  SCV x2  
  125  8:52  SCV  
  128  8:59  Orbital Command  
  128  9:01  Ghost x2  
  132  9:07  Ghost  
  134  9:18  Nuke  
  134  9:22  Ghost Academy x2  
  134  9:24  Ghost Academy  
  134  9:27  SCV x2  
  134  9:29  Medivac x2  
  140  9:39  Fusion Core  
  140  9:43  Ghost  
  140  9:45  SCV x2  
  144  9:57  SCV  
  145  10:04  Ghost x2  
  145  10:06  Medivac x2  
  147  10:34  Command Center x2  
  145  10:35  Command Center  
  145  10:36  Command Center x2  
  145  10:42  Ghost x2  
  147  10:43  Medivac x2  
  147  10:44  Ghost  
  147  10:48  Terran Infantry Armor Level 3  
  155  10:50  Terran Infantry Weapons Level 3  
  155  10:55  Nuke  
  155  10:59  Caduceus Reactor  
  155  11:01  Command Center  
  155  11:09  SCV  
  156  11:14  Nuke x2  
  156  11:22  Ghost  
  156  11:23  Ghost  
  160  11:31  Terran Vehicle And Ship Armor Level 1  
  160  11:56  Ghost  
  160  11:57  Ghost, Medivac x2  
  158  12:09  Ghost  
  152  12:22  Planetary Fortress  
  152  12:23  Barracks  
  152  12:25  Barracks, Ghost x2  
  152  12:26  Refinery  
  152  12:27  Refinery  
  156  12:33  Orbital Command x2  
  156  12:34  Planetary Fortress  
  156  12:35  Orbital Command  
  156  12:38  Ghost  
  158  12:55  Ghost x2  
  159  13:04  SCV x2  
  159  13:05  SCV  
  148  13:06  Ghost  
  142  13:13  SCV x2  
  142  13:14  SCV x4  
  142  13:16  SCV  
  142  13:18  Missile Turret  
  142  13:19  Missile Turret  
  144  13:20  Missile Turret  
  144  13:23  Missile Turret, Ghost x2  
  144  13:24  SCV  
  149  13:28  Missile Turret  
  148  13:35  Ghost  
  148  13:39  Barracks Tech Lab x2, Missile Turret  
  148  13:47  Neosteel Armor, Hi-Sec Auto Tracking  
  148  13:48  Terran Ship Weapons Level 1  
  148  13:50  Armory  
  148  13:51  SCV  
  148  13:52  SCV x5, Ghost  
  148  13:53  SCV  
  142  13:58  SCV x2  
  143  14:04  Ghost x2  
  143  14:05  Ghost x2  
  151  14:18  Command Center  
  151  14:26  SCV x2  
  151  14:28  Missile Turret  
  153  14:36  Ghost x3  
  153  14:37  Ghost x2  
  163  14:48  Starport x3  
  163  14:51  Starport  
  163  14:52  Starport  
  161  15:09  Viking x2  
  161  15:10  Terran Vehicle And Ship Armor Level 2  
  165  15:16  Orbital Command  
  165  15:28  Starport Reactor x3  
  165  15:29  Starport Tech Lab  
  165  15:31  Refinery x2  
  165  15:39  Viking  
  163  16:15  Nuke x2  
  163  16:27  Viking  
  163  16:28  Viking x7  
  178  16:40  Viking x2  
  178  16:44  Nuke x2  
  182  16:57  Viking  
  182  16:58  Viking x5  
  144  17:01  Viking x2  
  190  17:05  Terran Ship Weapons Level 2  
  194  17:27  Viking  
  194  17:28  Viking  
  198  17:37  Nuke  
  198  17:38  Nuke  
  198  17:47  Refinery  
  198  17:51  Refinery  
  194  18:04  Ghost x2  
  198  18:06  Viking  
  196  18:37  Viking  
  196  18:38  Viking  
  196  18:40  Nuke x2  
  196  18:41  Nuke  
Show
View Real Time Build Order
Export as new Build Order

Toasted Protoss - Winner!

Build Orders: Phoenix Opening, Mass Phoenix 

Get SALT Encoding   

  12  0:03  Probe  
  13  0:15  Probe  
  13  0:19  Pylon  
  14  0:27  Probe  
  15  0:40  Probe (Chrono Boost)  
  15  0:41  Gateway  
  16  0:52  Assimilator, Probe (Chrono Boost)  
  17  0:59  Probe (Chrono Boost)  
  18  1:19  Probe (Chrono Boost)  
  19  1:28  Probe (Chrono Boost)  
  20  1:34  Probe  
  20  1:36  Cybernetics Core  
  21  1:50  Probe  
  22  1:54  Pylon  
  22  1:56  Nexus  
  22  2:00  Assimilator  
  22  2:05  Assimilator  
  21  2:12  Assimilator, Probe  
  22  2:18  Stalker (Chrono Boost)  
  22  2:22  Warp Gate  
  24  2:24  Probe  
  25  2:38  Probe  
  26  2:47  Stargate  
  26  2:50  Probe  
  27  3:06  Shield Battery  
  27  3:23  Stargate  
  27  3:26  Probe (Chrono Boost)  
  29  3:29  Probe (Chrono Boost)  
  29  3:36  Probe (Chrono Boost)  
  29  3:39  Phoenix  
  29  3:41  Probe x2 (Chrono Boost)  
  33  3:45  Assimilator  
  34  3:52  Probe  
  35  4:03  Probe  
  35  4:04  Probe  
  37  4:10  Pylon, Phoenix  
  37  4:11  Phoenix  
  37  4:15  Probe  
  42  4:27  Probe  
  43  4:31  Assimilator  
  43  4:33  Shield Battery, Probe  
  44  4:38  Forge  
  44  4:39  Probe  
  44  4:41  Phoenix (Chrono Boost)  
  44  4:42  Phoenix (Chrono Boost)  
  47  4:53  Probe  
  47  4:57  Pylon  
  48  5:05  Phoenix (Chrono Boost), Probe  
  48  5:06  Phoenix (Chrono Boost), Probe  
  54  5:17  Photon Cannon  
  54  5:18  Probe x2  
  56  5:24  Pylon  
  56  5:26  Phoenix (Chrono Boost)  
  58  5:39  Photon Cannon  
  58  5:41  Phoenix (Chrono Boost)  
  60  5:43  Pylon  
  60  5:47  Probe  
  60  5:48  Phoenix (Chrono Boost), Probe  
  64  6:12  Nexus  
  59  6:26  Phoenix x2  
  61  6:50  Fleet Beacon, Phoenix  
  61  6:51  Phoenix  
  61  6:52  Probe x2  
  67  7:03  Pylon  
  67  7:04  Probe  
  67  7:05  Probe  
  69  7:15  Phoenix  
  69  7:16  Phoenix, Probe  
  74  7:40  Phoenix (Chrono Boost)  
  74  7:41  Phoenix (Chrono Boost)  
  74  7:42  Probe  
  74  7:43  Probe x2  
  81  7:47  Photon Cannon  
  81  7:53  Anion Pulse-Crystals  
  81  7:54  Probe  
  81  7:55  Probe x2  
  84  7:59  Stargate  
  84  8:00  Phoenix (Chrono Boost)  
  86  8:05  Assimilator  
  86  8:06  Probe  
  86  8:09  Assimilator  
  86  8:11  Probe, Pylon  
  86  8:12  Probe  
  89  8:18  Probe  
  90  8:23  Probe  
  91  8:30  Probe  
  91  8:33  Probe  
  93  8:35  Probe  
  93  8:36  Photon Cannon  
  93  8:37  Phoenix  
  93  8:38  Protoss Air Weapons Level 1 (Chrono Boost), Photon Cannon  
  94  8:42  Probe  
  94  8:45  Probe  
  94  8:47  Probe  
  99  8:53  Phoenix  
  99  8:55  Phoenix  
  99  9:00  Pylon  
  99  9:05  Shield Battery  
  99  9:06  Pylon  
  99  9:10  Pylon  
  99  9:22  Probe  
  100  9:24  Phoenix x2  
  100  9:27  Phoenix  
  106  9:39  Photon Cannon  
  106  9:42  Photon Cannon  
  106  9:49  Phoenix x2  
  106  9:52  Phoenix  
  106  10:27  Protoss Air Weapons Level 2 (Chrono Boost)  
  106  10:38  Phoenix  
  106  10:39  Phoenix x2  
  104  11:03  Probe x2, Phoenix (Chrono Boost)  
  104  11:04  Probe, Phoenix (Chrono Boost)  
  111  11:05  Phoenix (Chrono Boost)  
  111  11:15  Probe x2  
  111  11:16  Photon Cannon, Probe  
  111  11:17  Photon Cannon  
  114  11:22  Photon Cannon  
  114  11:24  Photon Cannon  
  114  11:26  Phoenix x2 (Chrono Boost)  
  114  11:27  Phoenix (Chrono Boost), Probe  
  114  11:32  Photon Cannon x2  
  121  11:34  Photon Cannon  
  121  11:35  Photon Cannon  
  121  11:39  Probe  
  122  11:43  Phoenix  
  122  11:44  Phoenix x2  
  104  12:05  Phoenix  
  104  12:06  Phoenix x2  
  110  12:23  Phoenix x2  
  110  12:24  Phoenix  
  110  12:30  Stargate  
  110  12:33  Stargate  
  110  12:34  Pylon  
  116  12:38  Protoss Air Weapons Level 3 (Chrono Boost)  
  116  12:40  Pylon  
  116  12:42  Pylon  
  116  12:48  Phoenix x2  
  116  12:49  Phoenix  
  122  13:10  Phoenix  
  106  13:13  Phoenix x2  
  106  13:21  Phoenix x2  
  108  13:28  Phoenix  
  108  13:30  Protoss Shields Level 1  
  108  13:34  Probe  
  108  13:38  Phoenix x2  
  115  13:44  Pylon  
  115  13:46  Phoenix x2  
  115  13:48  Pylon  
  119  13:51  Pylon  
  119  13:53  Phoenix  
  119  13:54  Pylon  
  121  13:55  Pylon  
  121  13:57  Pylon  
  121  14:04  Nexus  
  121  14:07  Assimilator  
  121  14:11  Assimilator  
  121  14:13  Shield Battery  
  121  14:15  Photon Cannon  
  121  14:16  Phoenix  
  121  14:17  Photon Cannon  
  123  14:20  Photon Cannon  
  123  14:21  Photon Cannon  
  113  14:32  Shield Battery  
  113  14:33  Shield Battery  
  113  14:36  Photon Cannon  
  113  14:37  Phoenix (Chrono Boost)  
  115  14:38  Photon Cannon  
  115  14:40  Phoenix (Chrono Boost)  
  117  14:49  Probe x2  
  117  14:50  Probe  
  120  14:54  Phoenix (Chrono Boost)  
  120  14:56  Phoenix  
  124  15:01  Probe x2  
  124  15:02  Probe, Protoss Air Armor Level 1 (Chrono Boost)  
  124  15:03  Phoenix  
  129  15:12  Phoenix  
  129  15:14  Phoenix  
  129  15:16  Probe  
  132  15:35  Shield Battery  
  132  15:36  Shield Battery  
  132  15:37  Phoenix x2, Shield Battery  
  136  15:44  Phoenix x2  
  130  16:02  Tempest x2  
  138  16:18  Tempest x3  
  140  16:38  Probe  
  141  16:44  Tempest  
  141  16:45  Tempest  
  149  16:50  Shield Battery  
  149  16:54  Pylon  
  148  17:00  Tempest  
  148  17:01  Tempest  
  100  17:26  Tempest  
  100  17:27  Tempest x2  
  103  17:43  Tempest x2  
  107  18:08  Tempest  
  111  18:16  Tempest  
Show
View Real Time Build Order
Export as new Build Order

mushroome Zerg - Winner!

Build Orders: Hatch First, Lurkers 

Get SALT Encoding   

  12  0:00  Drone  
  13  0:13  Overlord  
  13  0:17  Drone  
  14  0:31  Drone x2  
  16  0:37  Drone  
  17  0:53  Hatchery  
  17  0:55  Drone  
  17  0:56  Drone  
  18  1:10  Extractor  
  17  1:12  Spawning Pool  
  17  1:15  Drone  
  17  1:18  Drone  
  18  1:30  Drone  
  19  1:49  Drone  
  20  1:58  Queen  
  22  2:06  Extractor  
  22  2:07  Roach Warren  
  20  2:21  Queen  
  21  2:26  Metabolic Boost  
  21  2:28  Drone x3  
  24  2:36  Overlord  
  24  2:48  Roach  
  24  2:49  Roach  
  28  2:56  Spine Crawler  
  27  3:19  Drone x2  
  29  3:32  Drone x2  
  29  3:33  Drone x5  
  36  4:01  Spore Crawler  
  36  4:02  Lair  
  35  4:03  Drone  
  35  4:05  Overlord  
  36  4:14  Overlord  
  36  4:22  Spore Crawler  
  36  4:23  Drone x5  
  40  4:24  Drone x2  
  40  4:26  Ravager x2  
  44  5:01  Roach  
  44  5:02  Roach x3  
  52  5:15  Spine Crawler  
  52  5:16  Spine Crawler  
  52  5:18  Nydus Network  
  45  5:41  Overseer  
  45  5:44  Queen  
  45  5:45  Extractor  
  45  5:47  Extractor  
  45  5:56  Roach x3, Zergling x2  
  52  5:58  Overlord  
  52  6:06  Hatchery  
  52  6:07  Nydus Canal  
  40  6:43  Roach x2  
  40  6:45  Roach x2  
  42  6:48  Glial Reconstitution  
  42  6:50  Evolution Chamber, Drone x7  
  42  6:51  Evolution Chamber  
  42  6:52  Hydralisk Den  
  46  7:16  Roach x3  
  52  7:28  Drone x2  
  54  7:32  Nydus Canal  
  50  7:46  Ravager  
  50  7:50  Spine Crawler, Drone x2  
  50  7:51  Queen  
  52  7:52  Spine Crawler  
  52  7:57  Nydus Canal  
  53  8:06  Spore Crawler, Drone  
  53  8:07  Spore Crawler  
  52  8:15  Nydus Canal  
  47  8:24  Drone  
  47  8:25  Drone x8  
  50  8:30  Muscular Augments  
  50  8:37  Zerg Missile Weapons Level 1  
  50  8:41  Zerg Ground Armor Level 1  
  50  8:59  Drone x3  
  53  9:21  Hydralisk  
  53  9:24  Overlord x2  
  55  9:29  Lurker Den  
  54  9:33  Infestation Pit, Spore Crawler  
  54  9:34  Spore Crawler  
  51  9:42  Ravager  
  51  9:44  Roach x3, Hydralisk  
  51  9:45  Roach x2, Hydralisk  
  66  10:01  Overlord x3  
  66  10:02  Overlord  
  66  10:11  Nydus Canal  
  66  10:24  Drone  
  66  10:25  Drone x4  
  66  10:27  Hydralisk x7  
  75  10:50  Hydralisk x6  
  72  11:06  Hydralisk x4  
  72  11:09  Lurker  
  72  11:11  Lurker  
  82  11:12  Lurker  
  82  11:15  Drone  
  84  11:18  Hive  
  84  11:19  Zerg Missile Weapons Level 2  
  84  11:20  Zerg Ground Armor Level 2  
  84  11:27  Drone x2  
  84  11:29  Queen  
  84  11:30  Drone  
  84  11:32  Extractor  
  88  11:33  Extractor  
  87  11:43  Nydus Canal  
  60  12:01  Hydralisk  
  60  12:02  Hydralisk x5  
  64  12:13  Spore Crawler  
  64  12:14  Spore Crawler, Drone  
  64  12:15  Drone x2, Spore Crawler, Hydralisk  
  65  12:16  Hydralisk x2  
  70  12:41  Spore Crawler  
  70  12:42  Spore Crawler  
  70  12:43  Spore Crawler  
  70  12:44  Spore Crawler  
  66  12:52  Nydus Canal  
  66  12:57  Hydralisk x2  
  66  12:58  Hydralisk x9  
  70  13:20  Seismic Spines  
  70  13:21  Grooved Spines  
  70  13:33  Spore Crawler  
  69  13:37  Zerg Missile Weapons Level 3  
  69  13:38  Zerg Ground Armor Level 3  
  69  13:58  Hatchery  
  69  14:01  Pneumatized Carapace  
  68  14:06  Overseer  
  68  14:07  Overseer  
  68  14:15  Nydus Canal  
  66  14:29  Lurker  
  66  14:30  Lurker  
  68  14:33  Viper  
  68  14:34  Viper  
  74  14:41  Adaptive Talons  
  60  15:06  Lurker  
  55  15:12  Overseer  
  55  15:17  Drone  
  56  15:23  Extractor  
  56  15:28  Extractor  
  54  15:35  Hydralisk x10  
  51  15:36  Hydralisk x7  
  51  15:40  Drone  
  51  15:41  Drone  
  87  16:17  Lurker  
  87  16:18  Lurker x5  
  74  17:14  Hydralisk x11  
  74  17:15  Hydralisk x4  
  83  17:31  Overseer  
  77  17:46  Hydralisk x5  
  71  18:12  Nydus Canal  
  55  18:14  Hydralisk x3  
  55  18:18  Lurker  
  55  18:19  Lurker  
  63  18:29  Drone  
  63  18:30  Drone x2  
  66  18:44  Extractor  
Show
View Real Time Build Order
Export as new Build Order

EnhaZe Zerg - Winner!

Build Orders: Hatch First 

Get SALT Encoding   

  12  0:00  Drone  
  13  0:09  Drone  
  14  0:17  Overlord  
  14  0:23  Extractor  
  14  0:24  Drone  
  15  0:45  Hatchery  
  15  0:46  Drone  
  15  0:50  Drone  
  15  0:56  Drone  
  17  1:00  Drone  
  18  1:13  Spawning Pool  
  18  1:14  Extractor  
  16  1:25  Hatchery  
  16  1:28  Drone x2  
  18  1:34  Drone  
  19  1:45  Hatchery  
  19  1:48  Drone  
  20  1:54  Overlord  
  21  2:03  Spine Crawler  
  21  2:04  Queen, Spine Crawler  
  21  2:16  Roach Warren  
  21  2:19  Drone x2  
  22  2:23  Extractor  
  22  2:28  Metabolic Boost  
  21  2:39  Queen  
  23  2:49  Drone x3  
  26  3:11  Drone  
  26  3:12  Roach  
  29  3:20  Lair  
  29  3:23  Drone  
  28  4:11  Overlord  
  28  4:13  Spore Crawler  
  27  4:29  Drone, Roach  
  27  4:30  Roach  
  32  4:41  Drone  
  32  4:42  Queen  
  33  4:59  Roach  
  35  5:15  Hatchery  
  34  5:21  Drone  
  34  5:22  Roach  
  37  5:33  Glial Reconstitution  
  37  5:35  Hydralisk Den  
  36  5:40  Drone x2  
  38  5:51  Overlord  
  38  6:03  Overlord  
  38  6:09  Queen, Grooved Spines  
  40  6:12  Hydralisk, Drone x2  
  44  6:29  Queen  
  44  6:31  Drone, Hydralisk  
  49  6:33  Hatchery, Drone  
  49  6:54  Drone x2, Hydralisk  
  51  6:55  Drone x2  
  51  6:59  Muscular Augments  
  51  7:01  Drone  
  56  7:03  Drone  
  56  7:05  Queen  
  56  7:08  Spore Crawler, Drone x2  
  59  7:10  Overlord x2  
  60  7:23  Spine Crawler  
  60  7:24  Spine Crawler  
  60  7:27  Drone x2  
  60  7:33  Evolution Chamber  
  59  7:37  Hydralisk, Drone x3, Roach  
  66  8:05  Extractor  
  57  8:06  Extractor  
  57  8:07  Hydralisk x2  
  57  8:08  Hydralisk x5  
  66  8:17  Spine Crawler  
  66  8:18  Spine Crawler  
  64  8:21  Overlord  
  64  8:39  Hydralisk x2, Zergling x4, Drone  
  64  8:40  Zergling x2, Drone  
  73  8:46  Zerg Ground Armor Level 1  
  73  8:54  Hatchery  
  72  9:01  Drone  
  73  9:03  Drone x2  
  73  9:05  Zergling x2  
  73  9:07  Overlord x3  
  76  9:25  Drone x2  
  76  9:26  Drone x2  
  76  9:27  Hydralisk, Zergling x2  
  83  9:42  Drone, Lurker Den  
  83  9:43  Hydralisk, Zergling x2, Drone  
  83  9:44  Zergling x2  
  84  10:11  Hydralisk x3, Zergling x4, Drone x2  
  84  10:12  Drone, Zergling x2  
  96  10:26  Queen  
  98  10:29  Hydralisk, Drone, Zergling x2  
  98  10:30  Drone, Zergling x4  
  105  10:41  Zerg Missile Weapons Level 1  
  105  10:43  Drone  
  106  10:59  Spore Crawler  
  106  11:03  Zergling x2  
  106  11:04  Overlord  
  106  11:05  Overlord x3  
  106  11:14  Extractor  
  106  11:18  Queen, Extractor  
  106  11:26  Spire  
  105  11:36  Drone  
  105  11:37  Overlord x3  
  105  11:39  Drone x3  
  109  11:41  Drone x9  
  118  11:49  Drone  
  119  11:54  Hydralisk x2, Zergling x2  
  119  11:55  Zergling x4, Drone x2  
  119  12:28  Hydralisk x2  
  119  12:29  Drone x5, Zergling x10, Hydralisk x2  
  137  12:32  Infestation Pit  
  137  12:34  Zerg Ground Armor Level 2  
  137  12:35  Drone  
  130  12:58  Hydralisk  
  130  12:59  Hydralisk x3, Zergling x8, Drone x4  
  135  13:12  Overlord x2  
  120  13:13  Overseer x2  
  120  13:18  Evolution Chamber  
  119  13:21  Overseer  
  119  13:27  Hydralisk, Drone  
  119  13:28  Zergling x10, Hydralisk  
  129  13:45  Zerg Melee Weapons Level 1  
  128  13:58  Hydralisk x3, Drone x2, Zergling x2  
  128  13:59  Hydralisk, Drone x3, Zergling x6  
  145  14:07  Overlord  
  145  14:08  Overlord  
  145  14:16  Hatchery  
  138  14:25  Hydralisk  
  138  14:26  Hydralisk x3, Zergling x6, Drone  
  138  14:27  Drone x2, Zergling x2  
  153  14:50  Zerg Missile Weapons Level 2  
  153  14:57  Hydralisk x2  
  147  15:07  Overseer x3  
  146  15:18  Lurker  
  146  15:19  Lurker x2  
  141  15:39  Lurker x17  
  141  15:40  Lurker x2  
  160  16:03  Extractor  
  159  16:04  Extractor  
  159  16:08  Spore Crawler  
  159  16:10  Hive, Zerg Melee Weapons Level 2  
  157  16:30  Spore Crawler x3  
  157  16:31  Spore Crawler  
  157  16:32  Spine Crawler x2  
  152  16:33  Spore Crawler, Spine Crawler  
  152  16:34  Spine Crawler  
  152  16:35  Spore Crawler  
  152  16:37  Spine Crawler  
  152  16:38  Spore Crawler  
  145  17:09  Zerg Flyer Weapons Level 1  
  145  17:15  Overlord x2  
  145  17:16  Hatchery  
  128  18:40  Hydralisk x8  
  128  18:41  Hydralisk x27  
Show
View Real Time Build Order
Export as new Build Order

futuRe Terran 

Build Orders: Reaper Expand 

Get SALT Encoding   

  12  0:00  SCV  
  13  0:12  SCV  
  14  0:17  Supply Depot  
  14  0:24  SCV  
  15  0:38  SCV  
  15  0:40  Barracks  
  16  0:43  Refinery  
  16  0:50  SCV  
  17  1:02  SCV  
  18  1:15  SCV  
  19  1:26  Reaper  
  19  1:28  Orbital Command  
  20  1:40  Command Center  
  20  1:52  Supply Depot  
  20  1:55  SCV  
  21  2:08  SCV  
  22  2:10  Marine  
  23  2:20  SCV  
  24  2:24  Command Center  
  24  2:29  Refinery  
  24  2:31  Marine  
  24  2:32  SCV  
  26  2:46  SCV  
  27  2:52  Factory, Marine  
  27  2:53  Orbital Command  
  28  3:04  SCV  
  29  3:16  SCV  
  30  3:23  SCV  
  31  3:28  SCV  
  32  3:35  SCV  
  32  3:36  Factory Tech Lab  
  32  3:37  Orbital Command  
  32  3:40  SCV  
  34  3:42  Supply Depot  
  34  3:47  Starport  
  34  3:48  SCV  
  35  3:52  SCV  
  36  3:56  Supply Depot  
  36  4:02  Bunker  
  36  4:03  Refinery, SCV x2  
  36  4:04  Siege Tank  
  36  4:05  Refinery  
  41  4:10  SCV  
  41  4:15  Engineering Bay, SCV x2  
  44  4:22  SCV  
  45  4:25  Supply Depot  
  45  4:27  Starport Tech Lab, SCV  
  45  4:28  SCV  
  45  4:29  Fusion Core  
  47  4:34  SCV  
  48  4:45  SCV x2  
  50  4:46  Liberator  
  50  4:47  SCV, Siege Tank  
  57  4:53  Missile Turret  
  57  4:57  Missile Turret, SCV  
  57  4:59  SCV  
  59  5:01  Missile Turret  
  59  5:08  Orbital Command  
  59  5:09  SCV  
  59  5:11  SCV  
  61  5:18  Armory  
  61  5:19  Armory  
  61  5:21  SCV  
  61  5:23  SCV  
  63  5:29  Battlecruiser  
  70  5:35  SCV x2  
  70  5:36  SCV  
  70  5:38  Refinery  
  70  5:40  Refinery  
  72  5:46  Missile Turret  
  72  5:47  SCV  
  73  5:51  SCV x2  
  73  5:54  Command Center  
  75  5:58  Supply Depot  
  75  6:00  SCV  
  69  6:25  Siege Tank  
  69  6:27  Terran Ship Weapons Level 1, Terran Vehicle And Ship Armor Level 1  
  71  6:38  Weapon Refit  
  74  6:40  Battlecruiser  
  74  6:46  Orbital Command  
  74  6:54  Missile Turret  
  74  6:56  Missile Turret  
  74  7:08  Missile Turret  
  74  7:09  Orbital Command  
  74  7:11  Supply Depot  
  74  7:16  Command Center  
  74  7:19  SCV x3  
  77  7:23  Siege Tank  
  80  7:31  Missile Turret, SCV x3  
  84  7:37  SCV  
  84  7:42  Starport  
  84  7:43  Starport, SCV x2  
  84  7:44  SCV, Starport  
  87  7:45  Battlecruiser  
  93  7:55  SCV x2  
  95  8:03  Command Center  
  95  8:07  Supply Depot x2  
  95  8:10  Hi-Sec Auto Tracking  
  95  8:14  Supply Depot x2  
  94  8:27  Starport Tech Lab x2  
  94  8:28  Starport Tech Lab  
  94  8:29  Terran Vehicle And Ship Armor Level 2, Terran Ship Weapons Level 2  
  94  8:41  Refinery  
  94  8:44  Refinery  
  94  8:46  Orbital Command  
  94  8:49  Battlecruiser  
  94  8:50  Command Center  
  94  8:51  Command Center  
  100  8:59  Planetary Fortress  
  100  9:02  Missile Turret x2, SCV x3  
  103  9:07  Neosteel Armor  
  103  9:15  Missile Turret  
  103  9:23  Command Center, SCV x2  
  103  9:24  Command Center  
  105  9:25  Planetary Fortress  
  105  9:33  Missile Turret  
  105  9:34  Supply Depot  
  105  9:40  Battlecruiser x2  
  117  9:52  Battlecruiser  
  123  9:56  Battlecruiser  
  129  10:02  SCV x3  
  132  10:15  Thor  
  138  10:50  Battlecruiser x2  
  138  10:51  Terran Ship Weapons Level 3, Terran Vehicle And Ship Armor Level 3  
  150  11:16  Orbital Command x2  
  156  11:18  Battlecruiser x2  
  156  11:23  Starport  
  156  11:24  Starport  
  162  11:25  Orbital Command  
  162  11:26  Orbital Command  
  162  11:32  Command Center  
  162  11:33  Command Center  
  143  11:55  Battlecruiser x2  
  155  12:08  Refinery  
  155  12:09  Starport Tech Lab x2  
  161  12:23  Battlecruiser x2  
  167  12:35  Battlecruiser x2  
  179  12:42  Siege Tank  
  182  12:59  Orbital Command, Battlecruiser  
  176  13:23  Battlecruiser  
  182  13:27  Battlecruiser x2  
  188  13:39  Battlecruiser  
  194  14:08  Missile Turret  
  194  14:12  Missile Turret  
  194  14:14  Missile Turret, Battlecruiser  
  194  14:16  Terran Vehicle Weapons Level 1, Missile Turret  
  200  15:19  Missile Turret  
  200  15:20  Missile Turret  
  200  15:24  Missile Turret  
  200  15:26  Missile Turret  
  200  15:42  Missile Turret  
  200  15:45  Missile Turret  
  200  15:46  Missile Turret  
  200  16:06  Missile Turret  
  200  16:08  Missile Turret  
  198  16:18  Missile Turret  
  186  16:44  Missile Turret  
  186  16:47  Battlecruiser x2  
  186  16:49  Terran Vehicle Weapons Level 2  
  198  17:10  Battlecruiser  
  178  17:44  Battlecruiser x3  
  178  17:47  Missile Turret  
  161  18:06  Siege Tank  
  161  18:07  Battlecruiser x2  
  165  18:14  Battlecruiser  
Show
View Real Time Build Order
Export as new Build Order

IIIIIIIIIIII Protoss 

Build Orders: Cannon Rush 

Get SALT Encoding   

  12  0:01  Probe (Chrono Boost)  
  13  0:11  Probe (Chrono Boost)  
  14  0:18  Pylon  
  14  0:25  Probe  
  15  0:37  Probe  
  15  0:40  Forge  
  16  0:49  Probe  
  17  0:58  Pylon  
  17  1:16  Pylon  
  17  1:26  Photon Cannon  
  17  1:29  Photon Cannon  
  17  1:41  Photon Cannon  
  17  1:49  Photon Cannon  
  17  1:56  Pylon  
  17  2:01  Pylon  
  16  2:23  Photon Cannon  
  16  2:29  Photon Cannon  
  16  2:36  Photon Cannon  
  15  2:53  Photon Cannon  
  15  2:59  Photon Cannon  
  15  3:01  Pylon  
  15  3:19  Gateway  
  15  3:21  Assimilator  
  15  3:36  Probe  
  15  3:37  Pylon  
  16  3:48  Probe  
  17  4:00  Probe, Photon Cannon  
  18  4:11  Cybernetics Core  
  18  4:12  Probe, Pylon  
  19  4:18  Photon Cannon  
  19  4:24  Probe  
  20  4:31  Assimilator  
  20  4:46  Nexus  
  20  5:05  Robotics Facility  
  20  5:06  Probe  
  21  5:18  Pylon, Probe  
  21  5:21  Assimilator  
  22  5:30  Probe  
  23  5:42  Probe  
  24  5:47  Pylon  
  24  5:54  Probe  
  24  5:55  Immortal  
  29  6:06  Probe  
  30  6:19  Probe  
  30  6:23  Photon Cannon  
  31  6:25  Photon Cannon  
  31  6:31  Probe  
  32  6:35  Robotics Facility  
  32  6:39  Robotics Bay  
  32  6:48  Photon Cannon  
  32  6:49  Probe  
  32  6:50  Probe, Assimilator  
  34  7:01  Probe  
  34  7:05  Immortal (Chrono Boost)  
  39  7:15  Pylon  
  39  7:20  Immortal (Chrono Boost)  
  43  7:37  Immortal (Chrono Boost)  
  43  7:42  Probe  
  44  7:44  Extended Thermal Lance (Chrono Boost)  
  40  8:31  Shield Battery  
  36  8:35  Probe x2  
  38  8:44  Immortal x2  
  38  8:47  Probe  
  47  8:53  Robotics Facility  
  47  8:56  Pylon  
  47  9:06  Shield Battery  
  47  9:08  Pylon  
  47  9:09  Probe x2  
  45  9:21  Probe  
  46  9:29  Protoss Ground Weapons Level 1  
  46  9:41  Photon Cannon  
  46  9:42  Pylon  
  46  9:45  Immortal  
  50  9:59  Colossus  
  56  10:15  Probe, Shield Battery  
  56  10:16  Pylon  
  49  11:32  Nexus  
  49  11:35  Probe  
  49  11:36  Assimilator  
  50  11:41  Assimilator  
  50  11:43  Probe  
  50  11:53  Probe  
  52  12:26  Probe  
  52  12:34  Probe  
  53  12:37  Colossus x3  
  54  12:44  Probe  
  73  12:56  Probe  
  73  13:23  Nexus  
  73  13:30  Colossus  
  79  13:34  Colossus  
  85  13:41  Pylon  
  85  13:44  Pylon  
  85  13:59  Colossus  
  91  14:34  Photon Cannon  
  91  14:35  Photon Cannon  
  91  14:37  Photon Cannon  
  91  14:39  Photon Cannon  
  91  14:40  Photon Cannon  
  91  14:43  Shield Battery  
  91  14:44  Shield Battery  
  91  14:46  Shield Battery  
  91  14:48  Shield Battery  
  75  15:50  Observer  
Show
View Real Time Build Order
Export as new Build Order

æææ Protoss 

Build Orders: Blink Stalkers 

Get SALT Encoding   

  12  0:01  Probe  
  13  0:13  Probe  
  14  0:24  Pylon  
  14  0:25  Probe  
  15  0:42  Gateway, Probe (Chrono Boost)  
  16  0:53  Probe (Chrono Boost)  
  17  0:58  Probe (Chrono Boost)  
  18  1:08  Probe  
  19  1:16  Assimilator  
  19  1:20  Probe  
  20  1:33  Probe  
  21  1:49  Assimilator  
  21  1:51  Nexus  
  21  1:56  Cybernetics Core  
  21  2:02  Pylon  
  21  2:08  Probe  
  22  2:12  Pylon  
  22  2:20  Probe  
  23  2:32  Probe  
  23  2:34  Gateway  
  23  2:36  Gateway  
  24  2:38  Gateway  
  24  2:46  Twilight Council  
  24  2:49  Probe  
  25  2:59  Pylon  
  25  3:05  Probe  
  26  3:09  Warp Gate, Stalker  
  28  3:18  Forge  
  28  3:24  Stalker  
  30  3:30  Stalker  
  30  3:33  Probe  
  33  3:35  Probe  
  33  3:40  Blink  
  34  3:42  Stalker  
  36  3:52  Probe  
  36  3:55  Probe  
  38  3:56  Protoss Ground Weapons Level 1 (Chrono Boost)  
  38  4:04  Probe  
  38  4:07  Probe (Chrono Boost)  
  40  4:17  Probe (Chrono Boost)  
  41  4:19  Probe (Chrono Boost)  
  42  4:26  Probe (Chrono Boost)  
  42  4:27  Probe (Chrono Boost)  
  42  4:31  Probe (Chrono Boost)  
  44  4:33  Probe  
  46  5:03  Probe x2  
  48  5:10  Assimilator  
  48  5:11  Stalker x3  
  48  5:14  Assimilator  
  54  5:15  Pylon  
  54  5:21  Nexus  
  54  5:22  Pylon  
  54  5:33  Probe x2  
  56  5:36  Pylon  
  56  5:38  Stalker x3  
  62  5:45  Probe x2  
  62  5:46  Photon Cannon  
  62  5:49  Protoss Ground Weapons Level 2 (Chrono Boost)  
  64  5:50  Photon Cannon  
  64  5:51  Stalker  
  66  5:57  Probe x2  
  68  6:09  Probe x2  
  70  6:22  Stalker x4  
  78  6:45  Stalker x2  
  78  6:46  Stalker x2  
  86  6:49  Photon Cannon  
  86  6:51  Assimilator, Probe x3  
  89  6:55  Assimilator  
  89  6:58  Pylon  
  89  6:59  Charge  
  89  7:02  Pylon  
  89  7:03  Probe x2  
  89  7:04  Probe  
  93  7:15  Probe  
  93  7:16  Probe x2  
  95  7:23  Gateway  
  95  7:25  Gateway  
  95  7:27  Gateway, Probe  
  95  7:28  Probe  
  95  7:29  Gateway  
  97  7:30  Gateway  
  97  7:33  Gateway  
  91  8:22  Protoss Ground Weapons Level 3 (Chrono Boost)  
  91  8:24  Stalker x9  
  107  8:38  Nexus  
  107  8:41  Assimilator  
  107  8:44  Assimilator  
  107  8:48  Pylon  
  107  8:51  Pylon  
  107  8:55  Pylon  
  107  8:57  Stalker  
  109  9:03  Pylon  
  109  9:04  Pylon  
  109  9:07  Pylon  
  109  9:08  Pylon  
  109  9:10  Templar Archives, Pylon  
  109  9:12  Stalker x4, Pylon, Dark Shrine  
  109  9:15  Pylon  
  117  9:22  Stalker x3  
  101  10:09  Stalker x5  
  101  10:10  Stalker x5  
  79  10:32  Stalker x3  
  79  10:33  Stalker x7  
  96  10:54  Psionic Storm  
  96  10:58  High Templar x2  
  96  10:59  High Templar x5  
  96  11:00  High Templar x3, Protoss Ground Armor Level 1 (Chrono Boost)  
  116  11:37  Stalker x3  
  116  11:38  Stalker x7  
  132  12:05  Archon x4  
  68  12:20  Dark Templar x3  
  68  12:21  Dark Templar x4  
  68  12:22  Dark Templar x3  
  78  12:54  Dark Templar x3  
  78  12:55  Dark Templar x6  
  78  12:56  Dark Templar  
  82  13:22  Protoss Ground Armor Level 2 (Chrono Boost)  
  82  13:28  Stalker x7  
  82  13:29  Stalker x3  
  96  14:01  Stalker x8  
  96  14:02  Stalker x2  
  80  14:28  Stalker x8  
  80  14:29  Stalker x2  
  90  15:05  Stalker x5  
  90  15:06  Stalker x3  
  90  15:07  Stalker x2  
  104  15:28  Stalker x2  
  104  15:29  Stalker x6  
  104  15:30  Stalker  
  106  16:16  Stalker x4  
  106  16:17  Stalker x6  
  126  16:39  Stalker x2  
  130  16:40  Stalker x8  
  108  17:21  Stalker x10  
  96  17:47  Dark Templar x4  
  96  17:48  Dark Templar x5  
  95  18:11  Dark Templar  
  69  18:28  High Templar x4  
  69  18:29  High Templar x4  
  71  18:54  High Templar  
Show
View Real Time Build Order
Export as new Build Order

IIIIIIIIIII Protoss 

Build Orders: Mass Adepts 

Get SALT Encoding   

  12  0:00  Probe  
  13  0:12  Probe  
  14  0:18  Pylon  
  14  0:24  Probe  
  15  0:37  Gateway  
  15  0:39  Probe  
  16  0:51  Probe  
  17  1:03  Assimilator  
  17  1:05  Probe  
  17  1:07  Assimilator  
  18  1:17  Probe  
  19  1:29  Probe  
  19  1:31  Cybernetics Core  
  20  1:41  Probe  
  21  1:50  Pylon  
  21  1:53  Probe  
  22  2:05  Probe  
  23  2:09  Adept  
  25  2:17  Twilight Council  
  25  2:19  Shield Battery  
  25  2:24  Warp Gate  
  25  2:39  Adept  
  27  2:44  Resonating Glaives (Chrono Boost)  
  27  2:45  Pylon  
  27  3:01  Adept, Gateway  
  27  3:02  Gateway  
  27  3:03  Pylon  
  27  3:04  Gateway  
  29  3:29  Adept  
  31  3:38  Pylon  
  31  4:03  Blink  
  31  4:10  Adept x4  
  39  4:31  Adept  
  39  4:32  Adept x3  
  47  5:31  Nexus  
  47  5:34  Pylon  
  37  5:40  Probe (Chrono Boost)  
  38  5:44  Stalker x3  
  38  5:45  Stalker  
  46  5:52  Probe (Chrono Boost)  
  47  5:58  Probe (Chrono Boost)  
  48  6:06  Probe  
  49  6:18  Probe  
  50  6:26  Stalker x4  
  58  6:44  Probe x2  
  60  6:53  Stalker x4  
  68  6:56  Probe (Chrono Boost)  
  68  6:57  Probe (Chrono Boost)  
  70  7:07  Shield Battery, Probe (Chrono Boost)  
  70  7:08  Probe (Chrono Boost)  
  72  7:12  Probe x2 (Chrono Boost)  
  40  7:55  Probe x2  
  42  7:59  Stalker x4  
  50  8:07  Probe x2  
  52  8:16  Gateway  
  52  8:24  Charge  
  52  8:27  Forge  
  52  8:28  Forge, Probe  
  52  8:29  Probe  
  52  8:31  Stalker x3  
  52  8:32  Stalker, Nexus  
  52  8:33  Pylon  
  62  8:42  Probe x2  
  64  8:54  Probe x2  
  66  8:57  Protoss Ground Weapons Level 1 (Chrono Boost), Protoss Ground Armor Level 1 (Chrono Boost)  
  66  9:06  Probe x2  
  68  9:18  Probe x2  
  68  9:21  Stalker x4  
  78  9:32  Photon Cannon  
  78  9:33  Gateway  
  78  9:35  Gateway  
  78  9:36  Probe  
  78  9:37  Probe  
  80  9:42  Assimilator  
  80  9:56  Gateway  
  80  9:57  Gateway  
  80  10:07  Stalker x4  
  47  11:38  Assimilator  
  44  13:04  Assimilator  
  44  13:50  Photon Cannon  
  44  13:51  Photon Cannon  
  44  13:53  Photon Cannon  
  44  13:54  Shield Battery  
Tags
 
Add a new tag
Caveats
  • Supply blocks, unpowered buildings, or Contaminate may cause inaccurate times.
  • Supply counts are checked every 10 seconds.